 Dungeon Crawl Stone Soup version 0.13-a0-2531-g2ad9301 (webtiles) character file.

126 Kae the Firebug (level 3, 0/19 HPs)
             Began as a Tengu Fire Elementalist on July 26, 2013.
             Slain by a kobold
             ... wielding a +1,+0 dwarven short sword
              (4 damage)
             ... on Level 1 of the Dungeon.
             The game lasted 00:01:24 (1127 turns).

Kae the Firebug (Tengu Fire Elementalist)           Turns: 1127, Time: 00:01:24

HP   0/19        AC  2     Str  8      XL: 3   Next:  2%
MP   4/7         EV 12     Int 16      God:
Gold 102         SH  0     Dex 14      Spells:  1 memorised,  4 levels left

Res.Fire  : + . .   See Invis. : .   (no weapon)
Res.Cold  : x . .   Warding    : .   a - +0 robe
Life Prot.: . . .   Conserve   : .   (no shield)
Res.Poison: .       Res.Corr.  : .   (helmet restricted)
Res.Elec. : .       Clarity    : .   (no cloak)
Sust.Abil.: . .     Spirit.Shd : .   (no gloves)
Res.Mut.  : .       Stasis     : .   (boots unavailable)
Res.Rott. : .       Flight     : .   (no amulet)
Saprovore : . . .                    (no ring)
                                     f - ring of fire

@: very slightly contaminated, not resistant to hostile enchantments, fairly
stealthy
A: beak, talons 3
a: no special abilities


You were on level 1 of the Dungeon.
You were very hungry.

You visited 1 branch of the dungeon, and saw 2 of its levels.

You collected 82 gold pieces.

Inventory:

Armour
 a - a +0 robe (worn)
Comestibles
 c - 2 bread rations
 m - a chunk of ball python flesh
Scrolls
 d - 3 scrolls of identify {unknown}
 e - a scroll of remove curse {unknown}
 h - a scroll of curse jewellery {unknown}
 j - a scroll of teleportation {unknown}
 l - a scroll of enchant armour {unknown}
Jewellery
 f - a ring of fire (left hand)
 i - a +6 ring of intelligence {unknown}
Potions
 g - 2 potions of curing {unknown}
 k - a potion of heal wounds {unknown}
Books
 b - a book of Flames

   Spells                             Type                      Level
   *Flame Tongue                      Conjuration/Fire             1
   Throw Flame                        Conjuration/Fire             2
   Conjure Flame                      Conjuration/Fire             3
   Inner Flame                        Hexes/Fire                   3
   Sticky Flame                       Conjuration/Fire             4
   Fireball                           Conjuration/Fire             5


   Skills:
 - Level 2.1 Dodging
 - Level 2.0 Stealth
 + Level 1.8 Spellcasting
 * Level 2.4 Conjurations
 + Level 3.5 Fire Magic


You had 4 spell levels left.
You knew the following spells:

 Your Spells              Type           Power        Failure   Level  Hunger
a - Flame Tongue          Conj/Fire      ###..        10%         1    ##.....


Dungeon Overview and Level Annotations

Branches:
Dungeon (2/27)

Altars:
Okawaru

Annotations
D:2 Sigmund


Innate Abilities, Weirdness & Mutations

You have a beak for a mouth.
You have claws for feet.


Message History

Press: ? - help, Shift-Dir - straight line, f - kobold
Aim: a kobold, wielding a dwarven short sword You feel a surge of power!
You miscast Flame Tongue.
You are very lightly contaminated with residual magic.
You smell something strange.
The kobold closely misses you.
Casting: Flame Tongue
Confirm with . or Enter, or press ? or * to list all spells.
Aiming: Flame Tongue
Press: ? - help, Shift-Dir - straight line, f/p - kobold
Aim: a kobold, wielding a dwarven short sword You feel a surge of power!
You miscast Flame Tongue.
Nothing appears to happen.
The kobold barely misses you.
Casting: Flame Tongue
Confirm with . or Enter, or press ? or * to list all spells.
Aiming: Flame Tongue
Press: ? - help, Shift-Dir - straight line, f/p - kobold
Aim: a kobold, wielding a dwarven short sword You feel a surge of power!
You miscast Flame Tongue.
Your skin tingles.
The kobold hits you with a dwarven short sword.
You die...

##.#...####.........###..>...#
#.##.## ##.......## ###.####
#.#### ##.....##### #.# #.#
##........# #.# #.####
##..####.###.# #....#
#.........#.# ####.#
#...###.#.#.# #.#
##..K#.......# #.#
##..@...#.#.### #.#
#.........#.# # #.#
##....#####.# ##
#.#######...#.......# .#
#...........######### .#
#########...# .# ###.# .# #.#
.# #.#


You could see a kobold.

Vanquished Creatures
  An ooze (D:1)
  A ball python (D:2)
  A giant cockroach (D:1)
  2 hobgoblins (D:1)
  3 training dummies (D:2)
  2 bats (D:1)
  4 giant newts (D:1)
  3 goblins (D:1)
  3 jackals (D:1)
  3 rats (D:1)
23 creatures vanquished.

Notes
Turn   | Place    | Note
--------------------------------------------------------------
     0 | D:1      | Kae, the Tengu Fire Elementalist, began the quest for the Orb.
     0 | D:1      | Reached XP level 1. HP: 10/10 MP: 3/3
   437 | D:1      | Reached XP level 2. HP: 15/15 MP: 5/5
  1070 | D:2      | Found an iron altar of Okawaru.
  1113 | D:2      | Noticed Sigmund
  1116 | D:2      | Reached XP level 3. HP: 19/19 MP: 7/7
  1127 | D:1      | Slain by a kobold

Action                   || total
-------------------------++-------
Melee: Unarmed           ||     1
 Cast: Flame Tongue      ||    30
